AoeStats
← Anva

Black Forest

510354363Analyzed
2v2 RM · 2d ago on Sep 30, 2026· 21m 0s· 4 players
Game mode
Random Map
Map size
Medium (4 player)
Population
200
Speed
Normal
Resources
Standard
Victory
Conquest
Starting age
Dark Age
Ending age
Imperial Age
RankedLock teamsTeams togetherTeam positionsShared explorationLock speedFull tech treeHidden civsTurbo modeCheats
Victory
Defeat
🇫🇷 Hindustanis · France
951
+14
🇫🇷 Varangians · France
937
+14
🇵🇹 Spanish · Portugal
911
-42
🇦🇷 Bohemians · Argentina
883
-13
Seasoned Chef
6:32 Loom
11:03 Loom
16:25 Feudal Age
20:09 Wheelbarrow
20:02 Horse Collar
21:02 Scale Mail Armor
20:25 Man-at-Arms
Loco-Pro
0:53 Loom
14:30 Feudal Age
15:13 Man-at-Arms
16:15 Double-Bit Axe
18:31 Wheelbarrow
17:55 Horse Collar
Anva
11:05 Loom
12:50 Feudal Age
18:40 Castle Age
16:44 Double-Bit Axe
16:49 Horse Collar
18:35 Forging
18:31 Scale Barding Armor
21:00 Bloodlines
Jéhache M.D.
11:25 Feudal Age
13:23 Double-Bit Axe
16:02 Castle Age
13:57 Double-Bit Axe
15:09 Forging
15:02 Horse Collar
16:28 Gold Mining
18:08 Scale Mail Armor
18:29 Bow Saw
Connection lost

Rejoining the realm…

Still unreachable

The connection could not be restored.

Session expired

The server has moved on; the page needs a fresh start.